 Dungeon Crawl Stone Soup version 0.21.0 (webtiles) character file.

50523 CasualChangeling the Warrior (level 14, -17/136 HPs)
             Began as a Minotaur Berserker on Jan 6, 2018.
             Was a High Priest of Trog.
             Demolished by a skeletal warrior
             ... wielding a +0 glaive
              (19 damage)
             ... on level 15 of the Dungeon on Jan 7, 2018.
             The game lasted 00:46:54 (15454 turns).

CasualChangeling the Warrior (Minotaur Berserker)  Turns: 15454, Time: 00:46:55

Health: -17/136    AC: 10    Str: 28    XL:     14   Next: 20%
Magic:  19/19      EV: 16    Int:  4    God:    Trog [*****.]
Gold:   683        SH:  0    Dex: 10    Spells: 13/13 levels left

rFire    . . .     SeeInvis .   a - +5 pair of quick blades "Gyre" and "Gimble" {pierce, Dex-3}
rCold    . . .     Gourm    +   (shield currently unavailable)
rNeg     . . .     Faith    .   y - +1 leather armour of Kagisch {+Inv}
rPois    .         Spirit   .   (helmet restricted)
rElec    .         Reflect  .   o - +0 cloak
rCorr    .         Harm     .   r - +1 pair of gloves
MR       +....                  B - +0 pair of boots
Stlth    +++.......             j - amulet of the gourmand
HPRegen  0.32/turn              A - +4 ring of strength
MPRegen  0.16/turn              (no ring)

@: berserk cooldown, slowed, very slow
A: retaliatory headbutt, horns 2
a: Berserk, Trog's Hand, Brothers in Arms, Burn Spellbooks, Renounce Religion,
Evoke Invisibility


You were on level 15 of the Dungeon.
You worshipped Trog.
Trog was extremely pleased with you.
You were not hungry.

You visited 1 branch of the dungeon, and saw 15 of its levels.
You also visited: Ice Cave.

You collected 844 gold pieces.
You spent 161 gold pieces at shops.

Inventory:

Hand Weapons
 a - the +5 pair of quick blades "Gyre" and "Gimble" (weapon) {pierce, Dex-3}
   (You found it on level 5 of the Dungeon)

   It inflicts extra damage upon your enemies.
   It affects your dexterity (-3).
 b - a +0 shortbow of freezing
 c - a +0 shortbow of flaming
 G - a +4 antimagic executioner's axe
Missiles
 t - 2 javelins (quivered)
 x - 591 arrows
Armour
 g - a +0 scale mail
 o - a +0 cloak (worn)
 r - a +1 pair of gloves (worn)
 y - the +1 leather armour of Kagisch (worn) {+Inv}
   (You bought it in a shop on level 8 of the Dungeon)

   It lets you turn invisible.
 B - a +0 pair of boots (worn)
 H - a +2 crystal plate armour of cold resistance
Jewellery
 j - an amulet of the gourmand (around neck)
 A - a +4 ring of strength (left hand)
Wands
 f - a wand of flame (70)
 E - a wand of polymorph (19)
 F - a wand of random effects (17)
Scrolls
 e - 2 scrolls of immolation
 h - 4 scrolls of enchant weapon
 m - 7 scrolls of teleportation
 n - 8 scrolls of remove curse
 p - a scroll of fog
 q - 5 scrolls of magic mapping
 D - 2 scrolls of blinking
 I - a scroll of identify
Potions
 d - 7 potions of curing
 i - a potion of might
 k - a potion of mutation {unknown}
 l - 5 potions of agility
 u - a potion of cancellation {unknown}
 v - a potion of brilliance {unknown}
 w - 3 potions of haste
 z - 2 potions of berserk rage {unknown}
 C - a potion of flight {unknown}
 K - a potion of heal wounds
Comestibles
 s - 33 rations
 J - 3 chunks of flesh


   Skills:
 + Level 15.9 Fighting
 - Level 8.3 Short Blades
 + Level 5.3 Axes
   Level 6.3 Staves
 + Level 7.5 Bows
 + Level 10.9 Armour
 + Level 9.7 Dodging
 + Level 7.0 Stealth
 * Level 8.8 Evocations


You had 13 spell levels left.
You didn't know any spells.

Dungeon Overview and Level Annotations

Branches:
Dungeon (15/15)            Temple (0/1) D:5            Lair (0/6) D:10
    Orc (0/2) D:10         Vaults (0/5) D:13
 Depths: D:15

Altars:
Ashenzari
Cheibriados
Dithmenos
Elyvilon
Gozag
Hepliaklqana
Makhleb
Ru
Sif Muna
Trog
Vehumet
Wu Jian
Zin

Shops:
D:8 [   D:9 [   D:14 =   D:15 %

Annotations:
D:8 2 transporters


Innate Abilities, Weirdness & Mutations

You reflexively headbutt those who attack you in melee.
You have a pair of horns on your head.


Message History

You puncture the skeletal warrior!
You destroy the skeletal warrior!
Trog accepts your kill.
You feel a strong urge to attack something.
You are no longer berserk.
Trog's vigour flows through your veins.
You are exhausted.
You feel yourself slow down.
The skeletal warrior closely misses you.
The skeletal warrior hits you from afar with a glaive!
* * * LOW HITPOINT WARNING * * *
The skeletal warrior hits you from afar with a glaive!!
* * * LOW HITPOINT WARNING * * *
Some of the chunks of flesh in your inventory have rotted away.
Things that are here:
a club; a ring mail
Things that are here:
a short sword; a chain mail The skeletal warrior hits you from afar with a glaive!!
You die...

#.# #.# #.# #.## #..# #######
##8# ######## #...... ##.####
#......#######..÷...
8.∩.8.########..)................
..........)..zz)@)....(....###)<#
##8.##...###.######........##...#
#......###z..# ##.......#....#
.....#.....### #.##.##.......
....)).##### #.##.##.##.#..
.#...### #....##.##.#.# ......##
###........#.# .......#####
#.....####.. ...........########
..# ..


You could see 2 skeletal warriors.

Vanquished Creatures
  Frances (D:14)
  Kirke (D:15)
  The ghost of microfolk the Cleaver, a journeyman HOMo of Beogh (D:12)
  An ettin (D:13)
  Josephine (D:10)
  3 hydras
  Harold (D:11)
  5 centaur warriors
  3 two-headed ogres
  8 skeletal warriors
  An unseen horror (D:14)
  A lindwurm (shapeshifter) (D:14)
  Pikel (D:7)
  A necromancer (D:14)
  An orc knight (D:15)
  A manticore (D:13)
  5 ugly things
  2 cyclopes
  5 centaur zombies
  Joseph (D:9)
  A gargoyle (D:10)
  2 efreet
  11 ice devils (IceCv)
  2 trolls
  A hornet (D:14)
  6 hippogriffs
  5 slime creatures
  A deep troll zombie (D:15)
  A spriggan (D:7)
  5 wraiths
  A wyvern (D:10)
  A vampire (D:9)
  2 centaur simulacra
  3 hogs (D:15)
  6 yaks
  6 hungry ghosts
  A redback simulacrum (D:14)
  8 vampire mosquitoes
  Duvessa (D:7)
  2 soldier ants (D:14)
  A water moccasin (D:10)
  9 sky beasts
  3 phantoms
  A slave (D:7)
  3 black bears
  6 orc warriors
  An eye of draining (D:15)
  6 ice beasts
  6 ogres
  5 necrophages (D:11)
  20 centaurs
  A crocodile (D:11)
  3 big kobolds
  12 bullfrogs
  A water moccasin skeleton (D:8)
  A wyvern skeleton (D:11)
  Dowan (D:7)
  13 killer bees
  3 scorpions
  9 wights
  A vampire bat (D:5)
  A howler monkey (D:5)
  3 bullfrog zombies
  12 hounds
  2 quasits
  7 crimson imps
  4 jellies
  4 bullfrog skeletons
  Crazy Yiuf (D:3)
  3 orc priests
  7 centaur skeletons
  Jessica (D:2)
  Ijyb (D:3)
  7 iguanas
  15 orc wizards
  14 worker ants
  2 mummies (D:11)
  2 worker ant zombies
  7 adders
  A shadow imp (D:12)
  4 white imps (IceCv)
  9 ufetubi (IceCv)
  2 adder zombies
  2 worms
  5 dart slugs
  3 fire bats (D:5)
  3 leopard geckos
  54 orcs
  2 spectral bats (D:5)
  14 bats
  3 bat skeletons (D:5)
  A bat zombie (D:5)
  7 giant cockroaches
  6 goblins
  11 hobgoblins
  8 jackals
  3 quokkas
  3 ball pythons
  A bat simulacrum (D:5)
  4 frilled lizards
  29 kobolds
  A leopard gecko skeleton (D:8)
  A leopard gecko zombie (D:5)
  5 rats
  3 fungi (D:3)
494 creatures vanquished.

Vanquished Creatures (collateral kills)
  The ghost of Razmath the Fencer, a journeyman DrIE of Ashenzari (D:12)
  A reaper (IceCv)
  An iron troll (D:13)
  6 ugly things
  2 ice devils (IceCv)
  A scorpion (shapeshifter) (D:13)
  A crimson imp (D:13)
13 creatures vanquished.

Vanquished Creatures (others)
  A human (D:15)
  A white imp (IceCv)
  3 ufetubi (IceCv)
  3 withered plants (D:15)
8 creatures vanquished.

Grand Total: 515 creatures vanquished

Notes
Turn   | Place    | Note
-------+----------+-------------------------------------------
     0 | D:1      | CasualChangeling the Minotaur Berserker began the quest for the Orb.
     0 | D:1      | Reached XP level 1. HP: 19/19 MP: 0/0
   207 | D:1      | Reached XP level 2. HP: 25/27 MP: 1/1
   217 | D:1      | Reached skill level 4 in Fighting
   241 | D:1      | You fall through a shaft!
   321 | D:2      | Noticed Jessica
   326 | D:2      | Killed Jessica
   326 | D:2      | Reached XP level 3. HP: 34/34 MP: 2/2
   340 | D:2      | Reached ** piety under Trog
   814 | D:2      | Found a faded altar of an unknown god.
   844 | D:2      | Reached XP level 4. HP: 41/41 MP: 3/3
  1094 | D:2      | Found a bloodstained altar of Trog.
  1096 | D:2      | Found a radiant altar of Vehumet.
  1098 | D:2      | Found a burning altar of Makhleb.
  1352 | D:3      | Noticed Ijyb
  1362 | D:3      | Killed Ijyb
  1362 | D:3      | Reached skill level 5 in Fighting
  1362 | D:3      | Reached skill level 5 in Axes
  1635 | D:3      | Reached XP level 5. HP: 39/48 MP: 4/4
  1728 | D:3      | Found a shadowy altar of Dithmenos.
  1731 | D:3      | Found an ornate altar of the Wu Jian Council.
  1734 | D:3      | Found a shattered altar of Ashenzari.
  1853 | D:3      | Found a runed door.
  1857 | D:3      | Noticed Crazy Yiuf
  1860 | D:3      | Killed Crazy Yiuf
  2124 | D:4      | Reached skill level 1 in Staves
  2176 | D:4      | Found a shadowy altar of Dithmenos.
  2272 | D:4      | Reached XP level 6. HP: 56/56 MP: 5/5
  2514 | D:5      | Entered Level 5 of the Dungeon
  2587 | D:5      | Found a staircase to the Ecumenical Temple.
  2624 | D:5      | Noticed a sky beast
  2636 | D:5      | HP: 3/84 [sky beast (6)]
  2637 | D:5      | Killed a sky beast
  2639 | D:5      | Noticed an ice beast
  2660 | D:5      | Reached skill level 5 in Armour
  2665 | D:5      | Killed an ice beast
  2665 | D:5      | Reached XP level 7. HP: 25/61 MP: 6/6
  3000 | D:5      | Reached *** piety under Trog
  3000 | D:5      | Reached skill level 5 in Staves
  3017 | D:5      | Found the +5 pair of quick blades "Gyre" and "Gimble" {pierce, Dex-3}
  3502 | D:6      | Found a bloodstained altar of Trog.
  3709 | D:6      | Reached skill level 1 in Short Blades
  3709 | D:6      | Reached XP level 8. HP: 64/70 MP: 7/7
  3710 | D:6      | Reached skill level 6 in Fighting
  3809 | D:6      | Reached **** piety under Trog
  3938 | D:6      | Found a snail-covered altar of Cheibriados.
  3999 | D:6      | Found a white marble altar of Elyvilon.
  4041 | D:6      | Reached skill level 5 in Short Blades
  4270 | D:7      | Found a hazy altar of Hepliaklqana.
  4334 | D:7      | Noticed a two-headed ogre
  4338 | D:7      | Killed a two-headed ogre
  4338 | D:7      | Reached skill level 7 in Fighting
  4338 | D:7      | Reached XP level 9. HP: 79/79 MP: 8/8
  4366 | D:7      | Found a bloodstained altar of Trog.
  4468 | D:7      | Noticed Pikel
  4478 | D:7      | Killed Pikel
  4478 | D:7      | Reached skill level 1 in Stealth
  4675 | D:7      | Noticed Dowan
  4680 | D:7      | Killed Dowan
  4682 | D:7      | Noticed Duvessa
  4689 | D:7      | Killed Duvessa
  5005 | D:8      | Reached skill level 8 in Fighting
  5023 | D:8      | Reached skill level 1 in Bows
  5144 | D:8      | Got a jewelled leather armour
  5157 | D:8      | Identified the cursed +0 leather armour "Voc Oli" {rF- MR+ Int+4} (You found it on level 8 of the Dungeon)
  5230 | D:8      | Reached XP level 10. HP: 76/89 MP: 9/9
  5300 | D:8      | Found a transporter.
  5303 | D:8      | Found a sacrificial altar of Ru.
  5304 | D:8      | Found a transporter.
  5306 | D:8      | Noticed an ice dragon
  5404 | D:8      | Found a glowing silver altar of Zin.
  5505 | D:8      | Found Boidafoy's Antique Armour Shoppe.
  5520 | D:8      | Bought a bloodstained leather armour for 161 gold pieces
  5520 | D:8      | Identified the +1 leather armour of Kagisch {+Inv} (You bought it in a shop on level 8 of the Dungeon)
  6006 | D:9      | Reached skill level 1 in Evocations
  6070 | D:9      | Reached ***** piety under Trog
  6187 | D:9      | Noticed Joseph
  6194 | D:9      | Reached skill level 9 in Fighting
  6200 | D:9      | Killed Joseph
  6200 | D:9      | Reached skill level 5 in Dodging
  6240 | D:9      | Found an opulent altar of Gozag.
  6313 | D:9      | Found a deep blue altar of Sif Muna.
  6333 | D:9      | Found Otiuq's Antique Armour Shop.
  6873 | D:10     | Entered Level 10 of the Dungeon
  6914 | D:10     | Reached skill level 10 in Fighting
  7144 | D:10     | Found a staircase to the Lair.
  7284 | D:10     | Found a staircase to the Orcish Mines.
  7287 | D:10     | Noticed a gargoyle
  7293 | D:10     | Killed a gargoyle
  7343 | D:10     | Reached XP level 11. HP: 100/100 MP: 12/12
  7390 | D:10     | Noticed Josephine
  7403 | D:10     | Killed Josephine
  7855 | D:11     | Noticed a four-headed hydra
  7871 | D:11     | Killed a four-headed hydra
  7950 | D:11     | Noticed a purple ugly thing
  7998 | D:11     | Reached skill level 11 in Fighting
  8013 | D:11     | Noticed a four-headed hydra
  8019 | D:11     | Killed a four-headed hydra
  8079 | D:11     | Noticed Harold
  8100 | D:11     | Killed Harold
  8184 | D:11     | Noticed a two-headed ogre
  8187 | D:11     | Killed a two-headed ogre
  8187 | D:11     | Reached skill level 5 in Bows
  8187 | D:11     | Reached skill level 10 in Armour
  8220 | D:11     | Received a gift from Trog
  8282 | D:11     | Noticed a two-headed ogre
  8291 | D:11     | Killed a two-headed ogre
  8291 | D:11     | Reached skill level 12 in Fighting
  8291 | D:11     | Reached skill level 5 in Evocations
  8299 | D:11     | Received a gift from Trog
  8704 | D:11     | Killed a purple ugly thing
  8739 | D:12     | Noticed Razmath's ghost (journeyman DrIE)
  8760 | D:12     | Killed Razmath's ghost
  8760 | D:12     | Reached XP level 12. HP: 55/113 MP: 13/15
  9244 | D:12     | Noticed microfolk's ghost (journeyman HOMo)
  9249 | D:12     | Noticed a six-headed hydra
  9259 | D:12     | Killed microfolk's ghost
  9259 | D:12     | Reached skill level 5 in Stealth
  9264 | D:12     | Killed a six-headed hydra
  9315 | D:12     | Reached skill level 13 in Fighting
  9788 | D:13     | Noticed a centaur warrior
  9894 | D:13     | Noticed an ettin
  9901 | D:13     | Killed an ettin
 10105 | D:13     | Killed a centaur warrior
 10376 | D:13     | Reached skill level 14 in Fighting
 10428 | D:13     | Found a frozen archway.
 10453 | IceCv    | Entered an ice cave
 10727 | IceCv    | Reached XP level 13. HP: 124/124 MP: 17/17
 11275 | IceCv    | Received a gift from Trog
 11406 | IceCv    | Noticed a reaper
 11421 | IceCv    | Killed a reaper
 12803 | D:13     | Found a gate to the Vaults.
 13019 | D:14     | Found Luhicig's Jewellery Shop.
 13769 | D:14     | Reached skill level 15 in Fighting
 14371 | D:14     | Noticed Frances
 14381 | D:14     | Killed Frances
 14757 | D:14     | Received a gift from Trog
 14918 | D:15     | Entered Level 15 of the Dungeon
 14951 | D:15     | Found Faphiaqo's Food Emporium.
 14955 | D:15     | Noticed Kirke
 15148 | D:15     | Killed Kirke
 15148 | D:15     | Reached XP level 14. HP: 134/136 MP: 19/19
 15451 | D:15     | HP: 1/136 [skeletal warrior/glaive (24)]
 15454 | D:15     | Demolished by a skeletal warrior

Skill      XL: |  1  2  3  4  5  6  7  8  9 10 11 12 13 14 |
---------------+-------------------------------------------+-----
Fighting       | 4 5 7 8 10 12 14 15 | 15.9
Axes           | 4 5 |  5.3
Armour         | 3 4 5 6 7 8 9 10 | 10.9
Staves         | 1 4 6 |  6.3
Dodging        | 3 4 5 6 7 9 |  9.7
Short Blades   | 1 6 8 |  8.3
Stealth        | 1 2 4 5 6 7 |  7.0
Bows           | 1 4 5 6 7 |  7.5
Evocations     | 3 5 7 8 |  8.8

Action                   |  1- 3 |  4- 6 |  7- 9 | 10-12 | 13-15 || total
-------------------------+-------+-------+-------+-------+-------++-------
Melee: Hand axe          |    53 |    83 |       |       |       ||   136
       Headbutt          |     7 |    30 |    29 |   115 |    97 ||   278
       Quarterstaff      |       |    53 |    60 |       |       ||   113
       Pair of quick bla |       |       |   131 |   560 |   375 ||  1066
 Fire: Shortbow          |       |       |    11 |    18 |     8 ||    37
Invok: Berserk           |     1 |     4 |     3 |    18 |     7 ||    33
       Trog's Hand       |       |     1 |       |    10 |     9 ||    20
       Burn Spellbooks   |       |       |     1 |       |       ||     1
       Brothers in Arms  |       |       |       |     4 |     4 ||     8
 Abil: Evoke Invisibilit |       |       |       |     1 |     1 ||     2
  Use: Scroll            |       |     6 |     8 |     6 |     6 ||    26
       Potion            |       |       |       |     1 |     7 ||     8
 Stab: Sleeping          |       |       |       |     8 |     3 ||    11
       Distracted        |       |       |       |     1 |     1 ||     2
  Eat: Chunk             |     1 |     8 |    12 |    61 |    34 ||   116
       Ration            |       |       |       |     1 |       ||     1
Armor: Scale mail        |    25 |    40 |    77 |    10 |       ||   152
       Animal skin       |     2 |       |       |       |       ||     2
       Leather armour    |       |       |       |   101 |    57 ||   158
Dodge: Dodged            |    27 |    77 |    95 |   171 |   144 ||   514
